 Dungeon Crawl Stone Soup version 0.32-a0-918-g0f22ef8d61 (webtiles) character file.

Game seed: 13858549996037509360

231 GeoRichter the Slasher (level 5, -4/42 HPs)
             Began as a Demonspawn Warper on Apr 10, 2024.
             Slain by Menkaure (22 damage)
             ... on level 4 of the Dungeon.
             The game lasted 00:05:22 (2834 turns).

GeoRichter the Slasher (Demonspawn Warper)          Turns: 2834, Time: 00:05:22

Health: -4/42      AC:  5    Str: 11    XL:     5   Next: 73%
Magic:  8/8        EV:  9    Int: 20    God:
Gold:   220        SH:  4    Dex: 16    Spells: 8/8 levels left

rFire   . . .        t - +2 short sword (elec)
rCold   . . .        r - +0 buckler
rNeg    . . .        k - +0 ring mail
rPois   +            (helmet unavailable)
rElec   .            (no cloak)
rCorr   .            (no gloves)
SInv    +            (no boots)
Will    .....        (no amulet)
Stlth   ++           h - ring of poison resistance
HPRegen 0.27/turn    b - +6 ring of intelligence
MPRegen 0.11/turn

%: no passive effects
@: no status effects
A: antennae 3, thin skeletal structure 1
a: no special abilities


You were on level 4 of the Dungeon.
You visited 1 branch of the dungeon, and saw 4 of its levels.

You collected 220 gold pieces.

Inventory:

Hand Weapons
 a - a +0 falchion
 t - a +2 short sword of electrocution (weapon)
   (You took it off a kobold on level 3 of the Dungeon)
Missiles
 d - 7 darts of dispersal {!f}
 o - 8 poisoned darts (quivered)
Armour
 k - a +0 ring mail (worn)
   (You found it on level 2 of the Dungeon)
 r - a +0 buckler (worn)
   (You found it on level 3 of the Dungeon)
Jewellery
 b - a +6 ring of intelligence (right hand)
   (You found it on level 2 of the Dungeon)
 h - a ring of poison resistance (left hand)
   (You found it on level 1 of the Dungeon)
Scrolls
 c - 2 scrolls of blinking
 e - a scroll of immolation {!r}
 m - a scroll of amnesia
 n - a scroll of fear {unknown}
 p - a scroll of fog {unknown}
 v - a scroll of torment {unknown}
Potions
 f - a potion of haste {@q3}
 g - a potion of mutation {!q}
 i - a potion of enlightenment {unknown}
 j - a potion of heal wounds {@q2}
 l - a potion of curing {unknown}
 q - a potion of lignification {unknown}
 s - a potion of experience {unknown}
 u - a potion of degeneration {unknown}


   Skills:
 + Level 3.9 Fighting
 + Level 4.5 Long Blades
 - Level 0.8 Throwing
 - Level 0.8 Armour
 - Level 1.7 Dodging
 - Level 2.0 Spellcasting
 - Level 2.6 Translocations


You had 8 spell levels left.
You didn't know any spells.
Your spell library contained the following spells:

 Spells                   Type           Power      Damage    Failure   Level
 Blink                    Tloc           24%        N/A       28%         2
 Lesser Beckoning         Tloc           24%        N/A       28%         2
 Maxwell's Portable Pile  Tloc           12%        2d(6-17)  50%         3
 Teleport Other           Tloc           12%        N/A       50%         3
 Call Imp                 Summ           4%         N/A       63%         2
 Sublimation of Blood     Necr           2%         N/A       63%         2
 Frozen Ramparts          Ice            4%         1d1       86%         3
 Ozocubu's Armour         Ice            2%         N/A       86%         3
 Vhi's Electric Charge    Tloc/Air       14%        N/A       97%         4
 Metabolic Englaciation   Hex/Ice        1%         N/A       100%        5
 Summon Hydra             Summ           1%         N/A       100%        7


Dungeon Overview and Level Annotations

Branches:
Dungeon (4/15) Zot: 21144
 Temple: D:4-7

Altars:
Fedhas

Shops:
D:3 *

Annotations:
D:4 2 transporters, Menkaure


Innate Abilities, Weirdness & Mutations

You have a pair of large antennae on your head. (SInv)
You have a somewhat thin skeletal structure. (Dex +2, Stealth+)


Message History

Okay, then.
There is a stone staircase leading up here.
You climb upwards.
There is a stone staircase leading down here.
You start resting.
HP restored.
You climb downwards.
Level annotation: 2 transporters, Menkaure
There is a stone staircase leading up here.
What are your orders? t - Shout!
Orders for allies: a - Attack new target. r - Retreat! s - Stop attacking. g - Guard the area. f - Follow me.
Anything else - Cancel.
You shout for attention!
You hear an angry hiss.
There is an open door here.
You hit Menkaure but do no damage.
Menkaure mumbles some strange words.
Menkaure seems to speed up.
You closely miss Menkaure. Menkaure closely misses you.
You hit Menkaure.
Menkaure is lightly damaged.
Menkaure hits you.
You hit Menkaure but do no damage.
Menkaure is lightly damaged.
Menkaure barely misses you.
You barely miss Menkaure.
Menkaure is lightly damaged.
Menkaure hits you!
You hit Menkaure.
Menkaure is moderately damaged.
Menkaure hits you but does no damage.
You hit Menkaure.
Menkaure is moderately damaged.
Menkaure closely misses you.
You hit Menkaure. Lightning courses through Menkaure!
Menkaure is severely damaged.
Menkaure calls on the powers of darkness!
Your body is wracked with pain!
* * * LOW HITPOINT WARNING * * *
You hear an angry hiss.
You hit Menkaure.
Menkaure is almost destroyed.
Menkaure barely misses you.
You hit Menkaure.
Menkaure is almost destroyed.
Menkaure hits you!!
Ouch! That really hurt!
You die...

... #....M...+ ... #....(...#
.$ #........# .
#........##+##. ..
...#..#...........
..#..##...##..#..#...........
..#..#ß...ß#..#..#...........
..#..##...##..#..#...........
..#.......{Z.{#.@#....{......
..#.....Z$ZZ.©#..M...........
..#############..#...<.......
........©........#...........
.................#...........
..#'####..###.#######+#######
..#.......†......
..#..............
..#..............#


You could see Menkaure (fast).

Vanquished Creatures
  An ogre (D:3)
  An iguana (D:3)
  An orc wizard (D:3)
  3 adders
  2 dart slugs
  A ribbon worm (D:3)
  3 orcs
  10 endoplasms
  A giant cockroach (D:3)
  9 goblins
  2 hobgoblins (D:1)
  4 kobolds (D:3)
  4 quokkas
  3 ball pythons
  5 bats
  A frilled lizard (D:2)
  8 rats
59 creatures vanquished.

Notes
Turn   | Place    | Note
-------+----------+-------------------------------------------
     0 | D:1      | GeoRichter the Demonspawn Warper began the quest for the
                  | Orb.
     0 | D:1      | Reached XP level 1. HP: 16/16 MP: 3/3
    16 | D:1      | Reached skill level 2 in Long Blades
    82 | D:1      | Gained mutation: You have a pair of small antennae on your
                  | head. [demonic ancestry]
    82 | D:1      | Reached XP level 2. HP: 22/22 MP: 5/5
   711 | D:2      | Reached skill level 3 in Long Blades
  1050 | D:2      | Gained mutation: You have a pair of antennae on your head.
                  | [demonic ancestry]
  1050 | D:2      | Reached XP level 3. HP: 18/27 MP: 6/6
  1566 | D:3      | Gained mutation: You have a somewhat thin skeletal
                  | structure. (Dex +2, Stealth+) [demonic ancestry]
  1566 | D:3      | Reached XP level 4. HP: 25/34 MP: 7/7
  1633 | D:3      | Noticed an ogre
  1879 | D:3      | Found Ynyck's General Store.
  1907 | D:3      | Reached skill level 4 in Long Blades
  2065 | D:3      | Found a blossoming altar of Fedhas.
  2341 | D:3      | Gained mutation: You have a pair of large antennae on your
                  | head. (SInv) [demonic ancestry]
  2341 | D:3      | Reached XP level 5. HP: 41/41 MP: 8/8
  2525 | D:3      | Killed an ogre
  2692 | D:4      | Found a transporter.
  2725 | D:4      | Found a transporter.
  2727 | D:4      | Noticed Menkaure
  2834 | D:4      | Slain by Menkaure

Illustrated notes

Levels and vault maps discovered:
D:1:      minmay_arrival_shattered_statue, layout_loops_ring
D:2:      layout_loops_corners
D:3:      layout_loops_ring, fedhas_altar_1, serial_shops, shop_statue,
          st_stairs_10, minmay_puff
D:4:      layout_gridville, dreamdust_divine_triumvirate, old_standard_altar,
          gammafunk_ghost_mausoleum, uniq_menkaure, uniq_duvessa

Skill      XL: |  1  2  3  4 |
---------------+-------------+-----
Long Blades    | 2 3 4 |  4.5
Fighting       | 3 |  3.9
Throwing       | |  0.8
Armour         | |  0.8
Dodging        | |  1.7
Spellcasting   | |  2.0
Translocations | |  2.6

Action                     |  1- 3 |  4- 6 || total
---------------------------+-------+-------++-------
  Melee: Falchion          |   104 |    48 ||   152
         Short sword       |       |    27 ||    27
  Throw: Dart              |       |     9 ||     9
    Use: Scroll            |     2 |     2 ||     4
         Potion            |       |     1 ||     1
   Stab: Sleeping          |       |     5 ||     5
 Armour: Leather armour    |    41 |       ||    41
         Ring mail         |    30 |    34 ||    64
  Dodge: Dodged            |    72 |    29 ||   101
  Block: Buckler           |       |     3 ||     3

Table legend: (Time is in decaauts)
 A = Elapsed time spent in this place.
 B = Non-inter-level travel time spent in this place.
 C = Inter-level travel time spent in this place.
 D = Time resting spent in this place.
 E = Time spent auto-exploring this place.
 F = Levels seen in this place.
 G = Mean time per level.
                   A        B        C        D        E       F      G
               +--------+--------+--------+--------+--------+-----+--------+
         Total |   2854 |   2792 |     62 |    178 |   1821 |   4 |  713.5 |
       Dungeon |   2854 |   2792 |     62 |    178 |   1821 |   4 |  713.5 |
               +--------+--------+--------+--------+--------+-----+--------+

Top non-repeatable levels by time:
     D:3: 1122 daAuts
     D:2: 979 daAuts
     D:1: 615 daAuts
     D:4: 138 daAuts
